 Dungeon Crawl Stone Soup version 0.30-a0-586-g23e55c9e0a (webtiles) character file.

Game seed: 7073056683449872899

124 pokeman the Magician (level 4, -27/25 HPs)
             Began as a Deep Elf Hedge Wizard on Jan 3, 2023.
             Was an Initiate of Vehumet.
             Annihilated by an ogre
             ... wielding a +0 giant club
              (29 damage)
             ... on level 4 of the Dungeon.
             The game lasted 00:04:17 (3025 turns).

pokeman the Magician (Deep Elf Hedge Wizard)        Turns: 3025, Time: 00:04:17

Health: -27/25     AC:  7    Str:  7    XL:     4   Next: 81%
Magic:  4/13       EV: 12    Int: 27    God:    Vehumet [......]
Gold:   169        SH:  0    Dex: 14    Spells: 6/14 levels left

rFire   . . .      SeeInvis .    a - +0 short sword (drain)
rCold   . . .      Faith    .    (no shield)
rNeg    . . .      Spirit   .    e - +3 leather armour
rPois   .          Reflect  .    t - +0 helmet
rElec   .          Harm     .    (no cloak)
rCorr   .          Rampage  .    (no gloves)
Will    .....                    (no boots)
Stlth   ++                       (no amulet)
HPRegen 0.24/turn                r - +6 ring of intelligence
MPRegen 0.13/turn                (no ring)

@: no status effects
A: no striking features
a: Renounce Religion


You were on level 4 of the Dungeon.
You worshipped Vehumet.
Vehumet was noncommittal.
You visited 2 branches of the dungeon, and saw 5 of its levels.

You collected 169 gold pieces.

Inventory:

Hand Weapons
 a - a +0 short sword of draining (weapon)
Armour
 e - a +3 leather armour (worn)
 t - a +0 helmet (worn)
Jewellery
 r - a +6 ring of intelligence (left hand)
Scrolls
 b - a scroll of immolation {unknown}
 g - a scroll of acquirement {unknown}
 i - a scroll of teleportation {unknown}
 j - a scroll of torment {unknown}
 k - a scroll of identify {unknown}
 m - a scroll of fog {unknown}
 o - a scroll of noise {unknown}
Potions
 d - a potion of magic
 f - a potion of might {unknown}
 h - 2 potions of resistance {unknown}
 l - 4 potions of curing {unknown}
 n - a potion of flight {unknown}
 p - a potion of degeneration {unknown}
 q - a potion of heal wounds {unknown}
 s - a potion of invisibility


   Skills:
 - Level 1.0 Fighting
 - Level 1.0 Armour
 - Level 3.0 Dodging
 - Level 3.0 Stealth
 * Level 5.8 Spellcasting
 + Level 2.4 Conjurations
 - Level 1.1 Summonings
 - Level 1.1 Translocations
 + Level 0.1 Air Magic
 + Level 0.1 Poison Magic


You had 6 spell levels left.
You knew the following spells:

 Your Spells              Type           Power      Damage    Failure   Level
a - Magic Dart            Conj           80%        1d7       3%          1
b - Mephitic Cloud        Conj/Pois/Air  12%        N/A       21%         3
c - Call Imp              Summ           13%        N/A       10%         2
d - Blink                 Tloc           26%        N/A       10%         2

Your spell library contained the following spells:

 Spells                   Type           Power      Damage    Failure   Level
 Slow                     Hex            28%        N/A       10%         1
 Cigotuvi's Dreadful Rot  Necr/Pois/Air  16%        N/A       14%         2


Dungeon Overview and Level Annotations

Branches:
Dungeon (4/15)             Temple (1/1) D:4

Altars:
Dithmenos
Elyvilon
Fedhas
Hepliaklqana
Kikubaaqudgha
Makhleb
Okawaru
Qazlal
Ru
Vehumet
Yredelemnul

Shops:
D:2 (


Message History

Confirm with . or Enter, or press ? or * to list all spells.
A metallic apparition takes form in the air.
The orc shouts!
The giant cockroach closely misses you. The orc hits you with a +0 flail.
The jackal closely misses the giant cockroach.
The jackal bites itself.
The orc drinks a potion.
The orc flickers and vanishes!
Deactivating autopickup; reactivate with Ctrl-A.
The giant cockroach bites you but does no damage.
Unknown command.
The orc attacks as you move away! The orc hits you but does no damage.
The orc priest looks encouraged for a moment.
You swap places.
Your iron imp barely misses the orc.
Something barely misses the orc.
You hit the orc. You drain the orc.
The orc is heavily wounded.
The giant cockroach closely misses your iron imp.
Your iron imp hits the orc.
The orc dies!
Vehumet accepts your kill. The orc attacks as you move away!
The orc hits you with a +0 flail.
Found 13 gold pieces.
Your iron imp hits the giant cockroach.
You hit the orc. You drain the orc.
The orc is heavily wounded.
The orc hits you with a +0 flail.
* * * LOW HITPOINT WARNING * * *
The giant cockroach barely misses you.
Your iron imp hits the giant cockroach!
The giant cockroach dies!
Vehumet accepts your kill.
Unknown command.
You closely miss the orc.
The orc is heavily wounded.
The orc priest calls upon Beogh to heal the orc.
The orc's wounds heal themselves!
The orc hits you with a +0 flail.
* * * LOW HITPOINT WARNING * * *
Unknown command.
The ogre attacks as you move away!
The ogre hits you with a +0 giant club!!
Ouch! That really hurt!
You die...

.. $..... #.# ...... ####
#.###...... .... #..........
...######.(........ . ....o...
....... #.#.{..#.##....... #
#.#.#.##.#.o@.#
#.#.....†...5O#..# ...# .##....
#....##.#(#.#.#....... .......
. #....#.#.#....###.####.#....
#.............###...........
.....#.#.>.#.##..#....##..#....
..##.#.#...#..........#.......
. .......#....#.......###.#.#
..#.##.#.##.#.............##


You could see an ogre (drained), an orc priest, an orc (very drained, ally
target) and a friendly iron imp (summoned).

Vanquished Creatures
  An iguana (D:4)
  3 adders
  2 worms (D:2)
  4 dart slugs
  4 bats
  4 endoplasms
  2 giant cockroaches
  5 goblins
  4 hobgoblins
  4 jackals
  3 kobolds
  2 quokkas
  10 ball pythons
  A frilled lizard (D:1)
  4 rats (D:1)
53 creatures vanquished.

Vanquished Creatures (collateral kills)
  An orc (D:4)
  A giant cockroach (D:4)
2 creatures vanquished.

Grand Total: 55 creatures vanquished

Notes
Turn   | Place    | Note
-------+----------+-------------------------------------------
     0 | D:1      | pokeman the Deep Elf Hedge Wizard began the quest for the
                  | Orb.
     0 | D:1      | Reached XP level 1. HP: 10/10 MP: 7/7
     3 | D:1      | Noticed an electric eel
     4 | D:1      | Noticed an electric eel
   239 | D:1      | Reached XP level 2. HP: 16/16 MP: 4/9
   790 | D:1      | Reached skill level 5 in Spellcasting
  1147 | D:2      | Reached XP level 3. HP: 20/20 MP: 6/11
  1215 | D:2      | Learned a level 3 spell: Mephitic Cloud
  1218 | D:2      | Learned a level 2 spell: Call Imp
  1221 | D:2      | Learned a level 2 spell: Blink
  1236 | D:2      | Found Ufruiwn's Weapon Shop.
  1464 | D:2      | Reached skill level 1 in Armour
  1565 | D:2      | Reached skill level 1 in Fighting
  2107 | D:3      | Reached XP level 4. HP: 25/25 MP: 10/13
  2718 | D:4      | Found an ancient bone altar of Kikubaaqudgha.
  2886 | D:4      | Found a staircase to the Ecumenical Temple.
  2895 | Temple   | Entered the Ecumenical Temple
  2950 | Temple   | Became a worshipper of Vehumet
  2996 | D:4      | Noticed an ogre
  3025 | D:4      | Annihilated by an ogre

Illustrated notes

Levels and vault maps discovered:
D:1:      arrival_aquarium_b, layout_basic, minmay_misc_feat_ornament,
          grunt_decor_one_mirror
D:2:      layout_basic, serial_shops, nicolae_shop_hallway_plus
D:3:      layout_rooms, chequers_hall_statues_y
D:4:      layout_basic, lemuel_crystal_altar, old_standard_altar,
          mainiacjoe_overflow_concentric_impassable, minmay_temple_entry_ruins
Temple:   jpeg_temple_alley_garden

Skill      XL: |  1  2  3  4 |
---------------+-------------+-----
Spellcasting   | 5 |  5.8
Armour         | 1 |  1.0
Fighting       | 1 |  1.0
Conjurations   | 2 |  2.4
Stealth        | 3 |  3.0
Dodging        | 3 |  3.0
Summonings     | |  1.1
Translocations | |  1.1
Air Magic      | |  0.1
Poison Magic   | |  0.1

Action                   |  1- 3 |  4- 6 || total
-------------------------+-------+-------++-------
Melee: Dagger            |     6 |       ||     6
       Short sword       |       |    11 ||    11
 Cast: Magic Dart        |   112 |    25 ||   137
       Mephitic Cloud    |       |     3 ||     3
       Call Imp          |       |     1 ||     1
 Stab: Confused          |       |     1 ||     1
Armor: Leather armour    |     1 |     5 ||     6
Dodge: Dodged            |     8 |    10 ||    18

Table legend: (Time is in decaauts)
 A = Elapsed time spent in this place.
 B = Non-inter-level travel time spent in this place.
 C = Inter-level travel time spent in this place.
 D = Time resting spent in this place.
 E = Time spent auto-exploring this place.
 F = Levels seen in this place.
 G = Mean time per level.
                   A        B        C        D        E       F      G
               +--------+--------+--------+--------+--------+-----+--------+
         Total |   3022 |   2863 |    159 |      0 |   2481 |   5 |  604.4 |
       Dungeon |   2926 |   2807 |    119 |      0 |   2451 |   4 |  731.5 |
        Temple |     96 |     56 |     40 |      0 |     30 |   1 |   96.0 |
               +--------+--------+--------+--------+--------+-----+--------+

Top non-repeatable levels by time:
     D:1: 1141 daAuts
     D:2: 867 daAuts
     D:3: 673 daAuts
     D:4: 244 daAuts
  Temple: 96 daAuts
